 Dungeon Crawl Stone Soup version 0.20.1-1-g8b1a95d (webtiles) character file.

29380 Gargoyl the Cleaver (level 13, -1/111 HPs)
             Began as a Minotaur Abyssal Knight on Sept 14, 2017.
             Was a High Priest of Lugonu.
             Slain by a soldier ant (2 damage)
             ... on level 6 of the Lair of Beasts on Sept 15, 2017.
             The game lasted 00:35:25 (20201 turns).

Gargoyl the Cleaver (Minotaur Abyssal Knight)      Turns: 20201, Time: 00:35:26

Health: -1/111     AC: 17    Str: 24    XL:     13   Next: 14%
Magic:  19/19      EV:  2    Int:  9    God:    Lugonu [*****.]
Gold:   773        SH:  0    Dex: 11    Spells: 12/12 levels left

rFire    . . .     SeeInvis .   l - +2 war axe
rCold    . . .     Gourm    .   t - +0 large shield
rNeg     + + +     Faith    .   Q - +0 plate armour
rPois    ∞         Spirit   .   (helmet restricted)
rElec    .         Reflect  +   (no cloak)
rCorr    .         Harm     .   x - +2 pair of gloves
MR       .....                  B - +0 pair of boots
Stlth    ..........             j - +4 amulet of reflection
Regen    0.3/turn               H - +5 ring of strength
MPRegen  0.2/turn               M - +2 ring of slaying

@: petrified, barbed spikes, corroded
A: retaliatory headbutt, fangs 1, horns 2, clumsy 1
a: Depart the Abyss, Bend Space, Banish, Corrupt, Enter the Abyss, Renounce
Religion


You were on level 6 of the Lair of Beasts.
You worshipped Lugonu.
Lugonu was extremely pleased with you.
You were not hungry.

You visited 2 branches of the dungeon, and saw 15 of its levels.
You visited the Abyss 1 time.
You also visited: Ossuary.

You collected 1092 gold pieces.
You spent 319 gold pieces at shops.

Inventory:

Hand Weapons
 a - a +2 hand axe
 l - a +2 war axe (weapon)
Missiles
 O - 18 tomahawks (quivered)
Armour
 t - a +0 large shield (worn)
 x - a +2 pair of gloves (worn)
 B - a +0 pair of boots (worn)
 Q - a +0 plate armour (worn)
Jewellery
 j - a +4 amulet of reflection (around neck)
 D - an uncursed ring of positive energy
 H - a +5 ring of strength (left hand)
 M - a +2 ring of slaying (right hand)
 Y - an uncursed ring of see invisible
Wands
 o - a wand of iceblast (9/15)
 p - a wand of clouds (3/9)
 v - a wand of digging (11/24)
 w - a wand of confusion (23/48)
 C - a wand of random effects (20/48)
Scrolls
 b - 5 scrolls of recharging
 d - 5 scrolls of teleportation
 e - 3 scrolls of fear
 k - 3 scrolls of remove curse
 n - 2 scrolls of fog
 A - a scroll of amnesia
 R - 3 scrolls of identify
Potions
 i - 2 potions of agility
 m - 2 potions of flight
 q - 6 potions of heal wounds
 s - a potion of might
 u - 2 potions of magic
 z - 2 potions of berserk rage
 J - 3 potions of resistance
 L - 2 potions of ambrosia
 W - 2 potions of brilliance
Miscellaneous
 S - a lightning rod (4/4)
Comestibles
 c - 6 bread rations
 f - 13 fruits
 g - 7 royal jellies
 h - 9 meat rations
 r - a chunk of flesh


   Skills:
 + Level 9.2 Fighting
 + Level 13.7 Axes
 + Level 1.0 Throwing
 * Level 13.1 Armour
 + Level 3.1 Dodging
 + Level 11.6 Shields
 * Level 10.0 Invocations
 + Level 0.8 Evocations


You had 12 spell levels left.
You didn't know any spells.

Dungeon Overview and Level Annotations

Branches:
Dungeon (9/15)             Temple (0/1) D:5            Lair (6/6) D:9
 Shoals (0/4) Lair:3        Snake (0/4) Lair:4          Orc (0/2) D:9
  Slime: Lair:5-6

Altars:
Cheibriados
Dithmenos
Hepliaklqana
Kikubaaqudgha
Makhleb
Okawaru
Qazlal
Ru
Sif Muna
Trog
Vehumet
Yredelemnul
The Shining One

Shops:
D:6 (!!=%

Annotations:
D:3 Teleutos's ghost, amateur HuCK
D:7 4 runed doors


Innate Abilities, Weirdness & Mutations

You reflexively headbutt those who attack you in melee.
You have a pair of horns on your head.
You have very sharp teeth.
You are clumsy. (Dex -2)


Message History

The worker ant bites you but does no damage.
The water moccasin bites you but does no damage.
The crocodile bites you but does no damage.
The entropy weaver hits you but does no damage. x2
The entropy weaver hits you.
* * * LOW HITPOINT WARNING * * *
The entropy weaver hits you but does no damage.
The soldier ant stings you.
The water moccasin bites you but does no damage.
The worker ant bites you but does no damage.
The crocodile bites you but does no damage.
The water moccasin bites you but does no damage.
The entropy weaver hits you.
* * * LOW HITPOINT WARNING * * *
The entropy weaver hits you but does no damage.
The entropy weaver barely misses you. The entropy weaver hits you.
* * * LOW HITPOINT WARNING * * *
The crocodile bites you but does no damage.
The soldier ant stings you.
You die...

.# ....)# .## ...... ...
..# ...... # ...
..##..... #...# ....#..
. # #....#. .....#
.#.#.####.#..PP.
.#.†.#....#....#..(.....
.a§†Y..........t....≈.≈P
Y.#.P..........a@t..≈≈≈≈
...............Saa.#≈≈≈≈
................aH.≈≈≈≈≈
..P................≈≈≈≈≈
...P................≈≈≈≈
.(.................≈≈≈≈≈
...................P≈≈≈≈
#. ...........≈≈≈≈


You could see an entropy weaver, a hippogriff, 2 soldier ants, a water moccasin,
2 crocodiles and a worker ant.

Vanquished Creatures
  Kirke (Lair:4)
  6 death yaks (Lair:4)
  A merfolk siren (Lair:3)
  2 black mambas
  A torpor snail (Lair:6)
  8 spiny frogs
  2 rime drakes
  8 komodo dragons
  2 polar bears
  3 merfolk (Lair:3)
  The ghost of Asagix the Poker, an amateur DsBe of Trog (D:4)
  A hornet (D:6)
  3 hippogriffs
  6 blink frogs
  15 yaks
  A wyvern (Lair:4)
  A steam dragon (D:8)
  A basilisk (Lair:4)
  4 hogs (Lair:4)
  8 soldier ants
  2 nagas (Lair:4)
  9 porcupines
  12 water moccasins
  2 sky beasts
  Purgy (D:3)
  5 ice beasts
  4 orc warriors
  2 ogres
  A phantom (D:9)
  16 wolves
  2 centaurs
  2 big kobolds (D:7)
  9 crocodiles
  5 elf zombies (Ossuary)
  Blork the orc (D:6)
  8 bullfrogs
  7 scorpions
  A vampire bat (D:5)
  3 howler monkeys
  A lava snake (Lair:6)
  3 crimson imps
  5 human zombies (Ossuary)
  7 hounds
  2 jellies
  2 centaur zombies (Ossuary)
  4 orc priests
  7 orc wizards
  A bullfrog skeleton (D:8)
  2 centaur skeletons (D:4)
  4 iguanas
  14 worker ants
  Ijyb (D:5)
  3 mummies (Ossuary)
  2 hound skeletons
  11 adders
  An ooze (D:1)
  2 worms
  6 dart slugs
  3 fire bats (D:5)
  5 leopard geckos
  27 orcs
  2 spectral bats (D:5)
  4 ball pythons
  16 bats
  3 bat skeletons (D:5)
  A bat zombie (D:5)
  4 giant cockroaches
  4 goblins
  6 hobgoblins
  12 jackals
  25 kobolds
  3 quokkas
  A bat simulacrum (D:5)
  5 frilled lizards
  A leopard gecko skeleton (D:4)
  6 rats
  3 fungi
  2 plants
378 creatures vanquished.

Vanquished Creatures (others)
  2 hydras (Lair:3)
  A manticore (Lair:6)
  A water moccasin (Lair:4)
  A centaur (D:5)
  A bullfrog (Lair:4)
  An electric eel (Lair:3)
  An orc wizard (D:5)
  15 fungi
  12 plants
35 creatures vanquished.

Grand Total: 413 creatures vanquished

Notes
Turn   | Place    | Note
-------+----------+-------------------------------------------
     0 | Abyss:1  | Gargoyl the Minotaur Abyssal Knight began the quest for the Orb.
     0 | Abyss:1  | Reached XP level 1. HP: 19/19 MP: 1/1
    86 | Abyss:1  | Noticed a small abomination
   143 | Abyss:2  | Noticed a red draconian
   182 | Abyss:2  | Noticed a neqoxec
   185 | Abyss:2  | Gained mutation: Your magical capacity is low. (-10% MP) [a neqoxec]
   187 | D:1      | Escaped the Abyss
   285 | D:1      | Reached XP level 2. HP: 27/27 MP: 2/2
   698 | D:1      | Reached * piety under Lugonu
   783 | D:1      | Reached XP level 3. HP: 33/33 MP: 3/3
  1244 | D:2      | Found a bloodstained altar of Trog.
  1328 | D:2      | Found a snail-covered altar of Cheibriados.
  1445 | D:2      | Found a glowing golden altar of the Shining One.
  1447 | D:2      | Found an ancient bone altar of Kikubaaqudgha.
  1447 | D:2      | Found a basalt altar of Yredelemnul.
  1447 | D:2      | Found a stormy altar of Qazlal.
  1448 | D:2      | Found a deep blue altar of Sif Muna.
  1448 | D:2      | Found a radiant altar of Vehumet.
  1467 | D:2      | Found a hazy altar of Hepliaklqana.
  2002 | D:3      | Reached XP level 4. HP: 29/40 MP: 4/4
  2375 | D:3      | Noticed Purgy
  2377 | D:3      | Noticed Teleutos's ghost (amateur HuCK)
  2387 | D:3      | Killed Purgy
  2387 | D:3      | Reached skill level 1 in Shields
  2387 | D:3      | Reached XP level 5. HP: 37/47 MP: 5/5
  2407 | D:2      | Reached ** piety under Lugonu
  3597 | D:4      | Noticed Asagix's ghost (amateur DsBe)
  3625 | D:5      | Entered Level 5 of the Dungeon
  3886 | D:5      | Found a staircase to the Ecumenical Temple.
  3895 | D:4      | Reached XP level 6. HP: 53/53 MP: 6/6
  3992 | D:4      | Reached skill level 5 in Armour
  4971 | D:4      | Killed Asagix's ghost
  4971 | D:4      | Reached skill level 5 in Fighting
  4971 | D:4      | Reached skill level 5 in Axes
  4971 | D:4      | Reached XP level 7. HP: 58/61 MP: 7/7
  5225 | D:4      | Reached *** piety under Lugonu
  5905 | D:5      | Found a shadowy altar of Dithmenos.
  5948 | D:5      | Noticed Ijyb
  5966 | D:5      | Killed Ijyb
  5983 | D:5      | Reached XP level 8. HP: 39/68 MP: 9/9
  6603 | D:5      | Reached **** piety under Lugonu
  6791 | D:6      | Noticed Blork the orc
  6804 | D:6      | Killed Blork the orc
  6874 | D:6      | Found Leruj's Distillery.
  6878 | D:6      | Bought a potion of heal wounds for 55 gold pieces
  6878 | D:6      | Bought a potion of heal wounds for 55 gold pieces
  6878 | D:6      | Bought a potion of heal wounds for 55 gold pieces
  6878 | D:6      | Bought a potion of heal wounds for 55 gold pieces
  6878 | D:6      | Bought a potion of heal wounds for 55 gold pieces
  6878 | D:6      | Bought a potion of might for 44 gold pieces
  6934 | D:6      | Noticed a hornet
  6945 | D:6      | Killed a hornet
  6957 | D:6      | Reached skill level 5 in Invocations
  7003 | D:6      | Reached skill level 5 in Shields
  7034 | D:6      | Found Kegg's Jewellery Boutique.
  7230 | D:6      | Found Senischo's Food Emporium.
  7434 | D:6      | Found Alocretac's Weapon Emporium.
  7550 | D:6      | Found Iplu's Distillery.
  7752 | D:6      | Found a burning altar of Makhleb.
  7831 | D:7      | Reached XP level 9. HP: 66/74 MP: 10/10
  7876 | D:7      | Found a huge runed gate.
  7876 | D:7      | Found a huge runed gate.
  7876 | D:7      | Found a huge runed gate.
  7876 | D:7      | Found a huge runed gate.
  7876 | D:7      | Noticed a polar bear
  7876 | D:7      | Noticed a polar bear
  7876 | D:7      | Noticed a manticore
  7877 | D:7      | Noticed a polar bear
  7877 | D:7      | Noticed a polar bear
  7878 | D:7      | Noticed a polar bear
  7883 | D:7      | Noticed a manticore
  8246 | D:7      | Found an iron altar of Okawaru.
  8831 | D:8      | Gained mutation: You tend to lose your temper in combat. [mutagenic meat]
  8832 | D:8      | Gained mutation: Your muscles are strong. (Str +2) [mutagenic meat]
  8833 | D:8      | Gained mutation: Your body sometimes deteriorates upon taking damage. [mutagenic meat]
  9078 | D:8      | Found a sand-covered staircase.
  9092 | Ossuary  | Entered an ossuary
  9215 | Ossuary  | Reached ***** piety under Lugonu
  9648 | D:8      | Reached XP level 10. HP: 80/83 MP: 12/12
 10254 | D:9      | Reached skill level 10 in Axes
 10602 | D:9      | Found a staircase to the Lair.
 10663 | D:9      | Found a sacrificial altar of Ru.
 10712 | D:9      | Lost mutation: You tend to lose your temper in combat. [potion of mutation]
 10712 | D:9      | Lost mutation: Your body sometimes deteriorates upon taking damage. [potion of mutation]
 10712 | D:9      | Lost mutation: Your magical capacity is low. (-10% MP) [potion of mutation]
 10712 | D:9      | Lost mutation: Your muscles are strong. (Str +2) [potion of mutation]
 10712 | D:9      | Gained mutation: You are clumsy. (Dex -2) [potion of mutation]
 10712 | D:9      | Gained mutation: You have very sharp teeth. [potion of mutation]
 10810 | D:9      | Found a staircase to the Orcish Mines.
 10880 | D:9      | Found a sacrificial altar of Ru.
 11015 | Lair:1   | Entered Level 1 of the Lair of Beasts
 11075 | Lair:1   | Noticed a spiny frog
 11084 | Lair:1   | Killed a spiny frog
 11384 | Lair:1   | Noticed a spiny frog
 11391 | Lair:1   | Killed a spiny frog
 11397 | Lair:1   | Noticed a spiny frog
 11411 | Lair:1   | Killed a spiny frog
 11854 | Lair:1   | Reached skill level 10 in Armour
 11948 | Lair:1   | Noticed a black mamba
 11962 | Lair:1   | Killed a black mamba
 12564 | Lair:1   | Noticed a spiny frog
 12569 | Lair:1   | Killed a spiny frog
 12935 | Lair:2   | Reached XP level 11. HP: 91/91 MP: 15/15
 14117 | Lair:3   | Noticed a seven-headed hydra
 14124 | Lair:3   | Banished an eight-headed hydra
 15139 | Lair:3   | Found a staircase to the Shoals.
 15937 | Lair:3   | Noticed a seven-headed hydra
 15938 | Lair:3   | Banished a seven-headed hydra
 16212 | Lair:4   | Found a staircase to the Snake Pit.
 16291 | Lair:4   | Noticed Kirke
 16319 | Lair:4   | Reached skill level 10 in Shields
 16651 | Lair:4   | Reached XP level 12. HP: 42/101 MP: 17/17
 17500 | Lair:4   | Killed Kirke
 17523 | Lair:5   | Reached skill level 1 in Throwing
 18030 | Lair:5   | Noticed a death yak
 18032 | Lair:5   | Noticed a death yak
 18032 | Lair:5   | Noticed a death yak
 18062 | Lair:4   | Killed a death yak
 18072 | Lair:4   | Killed a death yak
 18079 | Lair:4   | Killed a death yak
 18971 | Lair:4   | Noticed a death yak
 18971 | Lair:4   | Noticed a death yak
 18989 | Lair:4   | Noticed a death yak
 18989 | Lair:4   | Killed a death yak
 18998 | Lair:4   | Killed a death yak
 19006 | Lair:4   | Killed a death yak
 19247 | Lair:6   | Entered Level 6 of the Lair of Beasts
 19247 | Lair:6   | Noticed a five-headed hydra
 19248 | Lair:6   | Banished a five-headed hydra
 19412 | Lair:6   | Reached XP level 13. HP: 94/111 MP: 19/19
 20146 | Lair:6   | Reached skill level 10 in Invocations
 20192 | Lair:6   | Noticed an entropy weaver
 20200 | Lair:6   | HP: 4/111 [entropy weaver (2)]
 20201 | Lair:6   | HP: 1/111 [entropy weaver (2)]
 20201 | Lair:6   | Slain by a soldier ant

Skill      XL: |  1  2  3  4  5  6  7  8  9 10 11 12 13 |
---------------+----------------------------------------+-----
Invocations    | 2 3 4 5 6 7 8 9 10 | 10.0
Armour         | 3 4 5 6 7 8 10 11 13 | 13.1
Fighting       | 4 5 6 7 9 |  9.2
Axes           | 3 4 5 6 7 9 10 12 13 | 13.7
Shields        | 1 2 5 6 8 10 11 | 11.6
Dodging        | 2 3 |  3.1
Throwing       | 1 |  1.0
Evocations     | |  0.8

Action                   |  1- 3 |  4- 6 |  7- 9 | 10-12 | 13-15 || total
-------------------------+-------+-------+-------+-------+-------++-------
Melee: Hand axe          |    75 |   201 |    69 |       |       ||   345
       Headbutt          |    10 |    47 |    75 |   132 |    17 ||   281
       War axe           |       |       |   292 |   625 |    79 ||   996
       Bite              |       |       |       |    80 |    10 ||    90
Throw: Tomahawk          |       |       |       |     7 |       ||     7
Invok: Depart the Abyss  |     1 |       |       |       |       ||     1
       Banish            |       |       |       |     7 |       ||     7
       Bend Space        |       |       |       |     1 |       ||     1
Evoke: Wand              |       |       |     4 |       |       ||     4
  Use: Scroll            |     8 |     5 |     6 |    19 |     4 ||    42
       Potion            |       |     3 |     2 |     3 |     1 ||     9
 Stab: Invisible         |       |     1 |       |       |       ||     1
  Eat: Chunk             |     2 |     6 |    19 |    25 |     2 ||    54
       Bread ration      |       |     1 |       |     2 |       ||     3
Armor: Leather armour    |     4 |       |       |       |       ||     4
       Ring mail         |    14 |       |       |       |       ||    14
       Chain mail        |    10 |   113 |   180 |     7 |       ||   310
       Scale mail        |    10 |       |       |       |       ||    10
       Plate armour      |       |       |       |   244 |    56 ||   300
Dodge: Dodged            |    41 |    40 |    64 |    89 |    11 ||   245
Block: Other             |     7 |       |       |     2 |       ||     9
       Buckler           |    10 |    89 |    33 |       |       ||   132
       Reflection        |     4 |     7 |     9 |     8 |     2 ||    30
       Large shield      |       |       |   295 |   753 |    82 ||  1130
